 Dungeon Crawl Stone Soup version 0.23.1-42-g8abd8fc (webtiles) character file.

Game seed: 11686464776098838389

18225 Borgoz the Slicer (level 12, -2/76 HPs)
             Began as a Gargoyle Fighter on Mar 30, 2019.
             Was a Believer of Ashenzari.
             Splashed by an acid dragon's acid (13 damage)
             ... on level 12 of the Dungeon.
             The game lasted 00:25:43 (13771 turns).

Borgoz the Slicer (Gargoyle Fighter)               Turns: 13771, Time: 00:25:44

Health: -2/76      AC: 21    Str: 20    XL:     12   Next: 56%
Magic:  15/15      EV: 11    Int: 10    God:    Ashenzari [**....]
Gold:   360        SH:  0    Dex: 13    Spells: 11/11 levels left

rFire    . . .     SeeInvis .   a - +1 dagger (venom)
rCold    . . .     Gourm    .   (no shield)
rNeg     + . .     Faith    .   p - +0 plate armour
rPois    ∞         Spirit   .   r - +2 hat
rElec    +         Reflect  .   (no cloak)
rCorr    .         Harm     .   (no gloves)
MR       .....                  (no boots)
Stlth    ..........             A - amulet of the acrobat
HPRegen  0.22/turn              o - ring of stealth
MPRegen  0.14/turn              (no ring)

@: corroded
A: negative energy resistance 1, electricity resistance, unbreathing,
petrification resistance, rot immunity, AC +8
a: Curse Item, Scrying, Renounce Religion


You were on level 12 of the Dungeon.
You worshipped Ashenzari.
Ashenzari was pleased with you.
You were not hungry.

You visited 2 branches of the dungeon, and saw 13 of its levels.

You collected 700 gold pieces.
You spent 340 gold pieces at shops.

Inventory:

Hand Weapons
 a - a +1 dagger of venom (weapon)
 i - a +0 rapier
 D - a +0 rapier
 N - a +1 short sword of freezing
Missiles
 v - 31 tomahawks (quivered)
 O - a throwing net
Armour
 c - a +0 shield
 p - a +0 plate armour (worn)
 r - a +2 hat (worn)
 u - a +2 leather armour of fire resistance
 K - a +2 ring mail of magic resistance
 M - a +1 chain mail of cold resistance
 Q - a +0 troll leather armour
Jewellery
 o - a ring of stealth (left hand)
 A - an amulet of the acrobat (around neck)
Wands
 m - a wand of acid (6)
 w - a wand of flame (19)
 z - a wand of clouds (3)
 C - a wand of digging (5)
 E - a wand of random effects (5)
 F - a wand of disintegration (5)
 H - a wand of polymorph (14)
Scrolls
 g - 3 scrolls of amnesia
 h - 2 scrolls of blinking
 k - 4 scrolls of teleportation
 l - a scroll of magic mapping {unknown}
 q - 2 scrolls of fog
 s - 7 scrolls of remove curse
 t - 2 scrolls of fear
 I - a scroll of random uselessness {unknown}
 P - a scroll of enchant armour {unknown}
Potions
 b - a potion of mutation
 j - a potion of cancellation
 n - 3 potions of brilliance
 x - a potion of haste
 B - 3 potions of flight
 S - 2 potions of lignification
Comestibles
 f - 25 rations


   Skills:
 + Level 9.5 Fighting
 * Level 10.7 Short Blades
 + Level 9.5 Armour
 * Level 9.7 Dodging
 - Level 3.3 Shields
 + Level 4.0 Evocations


You had 11 spell levels left.
You didn't know any spells.
Your spell library contained the following spells:

 Spells                   Type           Power        Failure   Level  Hunger
 Beastly Appendage        Tmut           #.....       100%        1    ##.....
 Sticks to Snakes         Tmut           #.......     100%        2    ###....
 Spider Form              Tmut/Pois      #.........   100%        3    ####...
 Ice Form                 Ice/Tmut       #.......     100%        4    #####..
 Blade Hands              Tmut           #.........   100%        5    ######.


Dungeon Overview and Level Annotations

Branches:
Dungeon (12/15)            Temple (1/1) D:6            Lair (0/6) D:9
    Orc: D:9-12

Altars:
Ashenzari
Cheibriados
Dithmenos
Elyvilon
Fedhas
Gozag
Hepliaklqana
Kikubaaqudgha
Makhleb
Nemelex Xobeh
Okawaru
Qazlal
Ru
Sif Muna
Trog
Uskayaw
Vehumet
Wu Jian
Xom
Yredelemnul
Zin
The Shining One
Lugonu

Shops:
D:5 [!*??   D:6 *   D:10 (

Annotations:
D:3 1 runed translucent door, Crazy Yiuf
D:11 3 runed translucent doors, Irenicus's ghost, journeyman DDEE


Innate Abilities, Weirdness & Mutations

You are resistant to torment.
Your stone body is resilient. (AC +8)
You are immune to poison.
You resist negative energy. (rN+)
You are resistant to electric shocks. (rElec)
You can survive without breathing.
You are immune to petrification.
You are immune to rotting.


Message History

The acid corrodes you!
You are splashed with acid!
* * * LOW HITPOINT WARNING * * *
You barely miss the acid dragon.
The acid dragon is heavily wounded.
You hit the acid dragon but do no damage.
The acid dragon is heavily wounded.
The acid dragon bites you but does no damage.
The acid dragon barely misses you.
You closely miss the acid dragon.
The acid dragon is heavily wounded.
Okay, then.
Okay, then.
Okay, then.
You hit the acid dragon but do no damage.
The acid dragon is heavily wounded.
The acid dragon spits acid at you. The splash of acid hits you.
* * * LOW HITPOINT WARNING * * *
You are splashed with acid!
You die...

, * , *### #########
.. #........ ####.##
###........ , * ,
......$ #.'........
.......*#.#........
, .......
#.#........
,......)##(#<.......
+ ,
......D@..#.)......
*
,.......####........
, * * #######
####+#### * ,,* **
** ,, ,


You could see an acid dragon.

Vanquished Creatures
  Harold (D:8)
  2 two-headed ogres
  A tengu warrior (D:10)
  Pikel (D:4)
  A wolf spider zombie (D:12)
  A manticore (D:9)
  4 cyclopes
  4 centaur zombies
  A gargoyle (D:11)
  A komodo dragon (D:11)
  3 trolls
  3 hippogriffs
  10 spriggans
  A wraith (D:11)
  A vampire (D:11)
  2 vampire mosquitoes (D:9)
  2 hungry ghosts (D:9)
  Edmund (D:5)
  A water moccasin (D:6)
  A soldier ant (D:10)
  Duvessa (D:7)
  5 porcupines (D:9)
  5 orc warriors
  4 ice beasts
  8 sky beasts
  3 phantoms
  4 black bears
  5 ogres
  An eye of draining (D:10)
  13 centaurs
  A crocodile (D:9)
  A big kobold (D:9)
  6 bullfrogs
  A gnoll sergeant (D:7)
  Dowan (D:7)
  6 scorpions
  A water moccasin skeleton (D:8)
  9 killer bees
  2 crimson imps
  2 bullfrog zombies
  4 jellies
  10 hounds
  A gnoll shaman (D:6)
  10 orc priests
  A centaur skeleton (D:4)
  14 orc wizards
  Ijyb (D:5)
  3 iguanas
  14 worker ants
  A worker ant zombie (D:9)
  14 gnolls
  A howler monkey skeleton (D:6)
  9 adders
  3 shadow imps
  2 adder skeletons
  6 worms
  A dart slug (D:3)
  A leopard gecko (D:7)
  86 orcs
  9 giant cockroaches
  7 goblins
  3 hobgoblins
  11 jackals
  4 quokkas
  2 ball pythons
  3 bats
  8 frilled lizards
  A jackal skeleton (D:6)
  4 kobolds
  2 quokka skeletons
  12 rats
369 creatures vanquished.

Vanquished Creatures (others)
  A goblin (D:4)
  A ball python skeleton (D:4)
  2 kobolds (D:4)
  32 fungi (D:9)
  15 plants (D:9)
51 creatures vanquished.

Grand Total: 420 creatures vanquished

Notes
Turn   | Place    | Note
-------+----------+-------------------------------------------
     0 | D:1      | Borgoz the Gargoyle Fighter began the quest for the Orb.
     0 | D:1      | Reached XP level 1. HP: 14/14 MP: 1/1
   198 | D:1      | Reached XP level 2. HP: 19/19 MP: 2/2
   809 | D:2      | Reached skill level 2 in Short Blades
  1076 | D:2      | Reached XP level 3. HP: 23/23 MP: 3/3
  1135 | D:2      | Reached skill level 1 in Dodging
  1716 | D:3      | Reached XP level 4. HP: 22/28 MP: 4/4
  1746 | D:3      | Found a bloodstained altar of Trog.
  2004 | D:3      | Reached skill level 3 in Short Blades
  2004 | D:3      | Reached XP level 5. HP: 23/33 MP: 5/5
  2051 | D:3      | Found a deep blue altar of Sif Muna.
  2417 | D:3      | Found a runed translucent door.
  2418 | D:3      | Noticed Crazy Yiuf
  2618 | D:4      | Reached XP level 6. HP: 30/38 MP: 6/6
  2639 | D:4      | Found a radiant altar of Vehumet.
  2721 | D:4      | Noticed a phantom
  2810 | D:4      | Killed a phantom
  2922 | D:4      | Noticed a phantom
  2935 | D:4      | Killed a phantom
  2935 | D:4      | Reached skill level 4 in Short Blades
  2935 | D:4      | Reached XP level 7. HP: 39/44 MP: 7/7
  2956 | D:4      | Noticed Pikel
  2958 | D:4      | Found a sacrificial altar of Ru.
  2959 | D:4      | Found a sparkling altar of Nemelex Xobeh.
  2959 | D:4      | Found a glowing golden altar of the Shining One.
  2978 | D:4      | Killed Pikel
  2978 | D:4      | Reached skill level 5 in Fighting
  2978 | D:4      | Reached skill level 5 in Short Blades
  2978 | D:4      | Reached skill level 5 in Armour
  2978 | D:4      | Reached XP level 8. HP: 26/49 MP: 8/8
  3210 | D:4      | Found an iron altar of Okawaru.
  3266 | D:5      | Entered Level 5 of the Dungeon
  3280 | D:5      | Found a glowing silver altar of Zin.
  3291 | D:5      | Found Ystrick's Assorted Antiques.
  3296 | D:5      | Found Memnog's Magic Scroll Emporium.
  3585 | D:5      | Found a shattered altar of Ashenzari.
  3587 | D:5      | Found Fuewiev's Magic Scroll Boutique.
  3597 | D:5      | Became a worshipper of Ashenzari the Shackled
  3671 | D:5      | Reached skill level 5 in Dodging
  3738 | D:5      | Found an opulent altar of Gozag.
  3768 | D:5      | Noticed Edmund
  3822 | D:5      | Killed Edmund
  3822 | D:5      | Reached skill level 6 in Short Blades
  3822 | D:5      | Reached XP level 9. HP: 52/55 MP: 9/9
  3901 | D:5      | Found Fuschopteo's Distillery.
  3918 | D:5      | Found Porchere's Armour Boutique.
  3918 | D:5      | Noticed Ijyb
  3924 | D:5      | Killed Ijyb
  4269 | D:5      | Bought a runed rapier for 175 gold pieces
  4273 | D:5      | Bought a glowing dagger for 125 gold pieces
  4281 | D:5      | Bought a scroll of identify for 20 gold pieces
  4281 | D:5      | Bought a scroll of identify for 20 gold pieces
  4300 | D:6      | Found Gitur's Assorted Antiques.
  4362 | D:6      | Found a staircase to the Ecumenical Temple.
  4419 | Temple   | Entered the Ecumenical Temple
  4782 | D:6      | Reached skill level 7 in Short Blades
  5898 | D:7      | Noticed Dowan
  5899 | D:7      | Noticed Duvessa
  5915 | D:7      | Killed Duvessa
  5915 | D:7      | Reached XP level 10. HP: 61/61 MP: 10/10
  5926 | D:7      | Killed Dowan
  6355 | D:7      | Found a radiant altar of Vehumet.
  6584 | D:7      | Reached skill level 8 in Short Blades
  8137 | D:8      | Reached skill level 9 in Short Blades
  8137 | D:8      | Reached XP level 11. HP: 57/68 MP: 11/11
  8203 | D:8      | Noticed Harold
  8257 | D:8      | Killed Harold
  8477 | D:9      | Reached skill level 1 in Evocations
  9083 | D:9      | Found an ancient bone altar of Kikubaaqudgha.
  9358 | D:9      | Found a staircase to the Lair.
  9422 | D:9      | Noticed a two-headed ogre
  9458 | D:9      | Killed a two-headed ogre
  9547 | D:9      | Found a shadowy altar of Dithmenos.
 10094 | D:9      | Noticed a cyclops
 10108 | D:9      | Killed a cyclops
 10114 | D:9      | Noticed a cyclops
 10115 | D:9      | Noticed a manticore
 10121 | D:9      | Killed a cyclops
 10124 | D:9      | Killed a manticore
 10308 | D:10     | Entered Level 10 of the Dungeon
 10339 | D:10     | Reached skill level 10 in Short Blades
 10363 | D:10     | Reached * piety under Ashenzari
 10391 | D:10     | Found Xastrocukk's Weapon Shop.
 10673 | D:10     | Noticed a tengu warrior
 10719 | D:10     | Killed a tengu warrior
 10719 | D:10     | Reached XP level 12. HP: 42/76 MP: 14/14
 10983 | D:10     | Found a corrupted altar of Lugonu.
 11530 | D:11     | Noticed a two-headed ogre
 11564 | D:11     | Killed a two-headed ogre
 12657 | D:11     | Noticed Irenicus's ghost (journeyman DDEE)
 12665 | D:11     | Found a runed translucent gate.
 12665 | D:11     | Found a runed translucent gate.
 12667 | D:11     | Found a runed translucent gate.
 13504 | D:11     | Reached ** piety under Ashenzari
 13771 | D:12     | Splashed by an acid dragon's acid

Skill      XL: |  1  2  3  4  5  6  7  8  9 10 11 12 |
---------------+-------------------------------------+-----
Short Blades   | 2 3 4 5 6 7 9 10 | 10.7
Dodging        | 1 2 3 4 5 6 7 9 |  9.7
Armour         | 4 5 6 8 9 |  9.5
Fighting       | 4 5 6 8 9 |  9.5
Evocations     | 3 4 |  4.0
Shields        | |  3.3

Action                   |  1- 3 |  4- 6 |  7- 9 | 10-12 || total
-------------------------+-------+-------+-------+-------++-------
Melee: Rapier            |   148 |   273 |   250 |       ||   671
       Dagger            |       |       |   282 |  1931 ||  2213
Evoke: Wand              |       |     4 |     2 |    16 ||    22
  Use: Potion            |       |     5 |     3 |     7 ||    15
       Scroll            |       |       |    11 |     6 ||    17
 Stab: Sleeping          |       |       |       |     3 ||     3
  Eat: Chunk             |     3 |     4 |    10 |    28 ||    45
       Ration            |       |       |       |     2 ||     2
Armor: Scale mail        |    34 |       |       |       ||    34
       Plate armour      |    89 |   192 |   394 |  1003 ||  1678
       Troll leather arm |       |       |       |    74 ||    74
Dodge: Dodged            |    70 |    70 |   212 |   892 ||  1244
Block: Shield            |     6 |       |       |       ||     6
